[Event "XIX Najdorf Memorial 2019"]
[Site "Warsaw"]
[Date "2019.07.11"]
[Round "6.12"]
[White "Baum, Jonasz"]
[Black "Zebracki, Tomasz"]
[Result "1-0"]
[ECO "E04"]
[WhiteElo "2308"]
[BlackElo "2183"]
[Annotator "NA"]
[PlyCount "101"]
[EventDate "2019.07.06"]
[EventType "swiss"]
[EventCountry "POL"]
[SourceTitle "playchess.com"]
[Source "ChessBase"]
[SourceQuality "1"]
[TimeControl "40/5400+30:1800+30"]

1. d4 Nf6 2. c4 e6 3. g3 d5 4. Nf3 dxc4 5. Bg2 a6 6. O-O Nc6 7. e3 Bd7 8. Qe2 Bd6 9. Qxc4 O-O 10. Nc3 e5 11. dxe5 Bxe5 12. Nxe5 Nxe5 13. Qc5 Nd3 14. Qd4 Bc8 15. Rd1 Qxd4 16. exd4 Nb4 17. Bf4 Be6 18. Bxc7 Nfd5 19. Bd6 Rfd8 20. Bxb4 Nxb4 21. Bxb7 Rab8 22. Be4 f5 23. d5 Bf7 24. Bxf5 Nxd5 25. Nxd5 Rxd5 26. Rxd5 Bxd5 27. b3 Bf3 28. Rc1 Rb5 29. Bd3 Rb6 30. Bc4+ Kf8 31. Rc3 Bb7 32. f3 a5 33. Kf2 a4 34. Rd3 a3 35. Rd8+ Ke7 36. Rg8 Kf6 37. Rb8 Ke5 38. Ke3 h6 39. f4+ Kd6 40. Ba6 Rxa6 41. Rxb7 g5 42. fxg5 hxg5 43. Rb5 Rc6 44. Kd2 Kc7 45. Rxg5 Rf6 46. Kc3 Rf2 47. Kb4 Rxa2 48. h4 Ra1 49. h5 a2 50. Ka3 Kd6 51. Kb2 {[%emt 0:00:17] Kd5} 1-0

[Event "XIX Najdorf Memorial 2019"]
[Site "Warsaw"]
[Date "2019.07.11"]
[Round "6.13"]
[White "Oglaza, Oskar"]
[Black "Jarmula, Lukasz"]
[Result "1/2-1/2"]
[ECO "E32"]
[WhiteElo "2345"]
[BlackElo "2480"]
[Annotator "ChessBase"]
[PlyCount "59"]
[EventDate "2019.07.06"]
[EventType "swiss"]
[EventCountry "POL"]
[SourceTitle "playchess.com"]
[Source "ChessBase"]
[SourceQuality "1"]
[TimeControl "40/5400+30:1800+30"]

1. d4 Nf6 2. c4 e6 3. Nc3 Bb4 4. Qc2 O-O 5. Nf3 c5 6. dxc5 Na6 7. g3 Nxc5 8. Bg2 Nce4 9. O-O Nxc3 10. bxc3 Be7 11. e4 d6 12. e5 dxe5 13. Nxe5 Qc7 14. Qe2 Bd6 15. Bf4 Ne8 16. c5 Qxc5 17. c4 Rb8 18. Rab1 f6 19. Nd3 Qc7 20. c5 Bxf4 21. Nxf4 Qxc5 22. Nxe6 Qe7 23. Rfe1 Qxe6 24. Qxe6+ Bxe6 25. Rxe6 Rf7 26. Bxb7 Rd7 27. Ree1 Rbxb7 28. Rxb7 Rxb7 29. Rxe8+ Kf7 30. Re2 1/2-1/2

[Event "XIX Najdorf Memorial 2019"]
[Site "Warsaw"]
[Date "2019.07.11"]
[Round "6.14"]
[White "Gagare, Shardul"]
[Black "Kowalski, Igor"]
[Result "1/2-1/2"]
[ECO "A05"]
[WhiteElo "2476"]
[BlackElo "2320"]
[Annotator "ChessBase"]
[PlyCount "40"]
[EventDate "2019.07.06"]
[EventType "swiss"]
[EventCountry "POL"]
[SourceTitle "playchess.com"]
[Source "ChessBase"]
[SourceQuality "1"]
[TimeControl "40/5400+30:1800+30"]

1. Nf3 Nf6 2. c4 g6 3. b3 Bg7 4. Bb2 O-O 5. g3 b6 6. Bg2 Bb7 7. O-O c5 8. Nc3 d6 9. e3 Ne4 10. d4 Nxc3 11. Bxc3 Nd7 12. Qc2 cxd4 13. Bxd4 Rc8 14. Bxg7 Kxg7 15. e4 b5 16. Qb2+ Kg8 17. cxb5 Bxe4 18. Qd4 Bxf3 19. Bxf3 Rc5 20. a4 Qc7 1/2-1/2

[Event "XIX Najdorf Memorial 2019"]
[Site "Warsaw"]
[Date "2019.07.11"]
[Round "6.14"]
[White "Terletsky, Oleg"]
[Black "Zochowski, Kacper"]
[Result "1/2-1/2"]
[ECO "C41"]
[WhiteElo "2408"]
[BlackElo "2251"]
[Annotator "NA"]
[PlyCount "89"]
[EventDate "2019.07.06"]
[EventType "swiss"]
[EventCountry "POL"]
[SourceTitle "playchess.com"]
[Source "ChessBase"]
[SourceQuality "1"]
[TimeControl "40/5400+30:1800+30"]

1. e4 d6 2. d4 Nf6 3. Nc3 e5 4. Nf3 Nbd7 5. Bc4 Be7 6. O-O O-O 7. h3 c6 8. a4 a5 9. Re1 exd4 10. Nxd4 Nc5 11. Bf4 Be6 12. Bf1 d5 13. exd5 Nxd5 14. Nxd5 Qxd5 15. Nxe6 Qxd1 16. Raxd1 Nxe6 17. Bg3 Bf6 18. c3 Rfd8 19. Bc4 Rxd1 20. Rxd1 Rd8 21. Rxd8+ Bxd8 22. Bxe6 fxe6 23. Kf1 Kf7 24. Be5 b5 25. axb5 cxb5 26. Ke2 a4 27. Kd3 Be7 28. Bc7 Bc5 29. f3 g6 30. Ba5 Kf6 31. Ke4 Bf2 32. Bb4 h5 33. Bd6 Bb6 34. g4 Kf7 35. Kd3 Ke8 36. c4 Kd7 37. Ba3 Kc6 38. cxb5+ Kxb5 39. Ke4 Kc4 40. Ke5 Bd4+ 41. Kxe6 Kb3 42. gxh5 gxh5 43. f4 Bxb2 44. Bd6 a3 45. Bxa3 1/2-1/2

[Event "XIX Najdorf Memorial 2019"]
[Site "Warsaw"]
[Date "2019.07.11"]
[Round "6.15"]
[White "Fiedorek, Michal"]
[Black "Krishna Teja, N."]
[Result "1/2-1/2"]
[ECO "B19"]
[WhiteElo "2241"]
[BlackElo "2368"]
[Annotator "NA"]
[PlyCount "99"]
[EventDate "2019.07.06"]
[EventType "swiss"]
[EventCountry "POL"]
[SourceTitle "playchess.com"]
[Source "ChessBase"]
[SourceQuality "1"]
[TimeControl "40/5400+30:1800+30"]

1. e4 c6 2. d4 d5 3. Nc3 dxe4 4. Nxe4 Bf5 5. Ng3 Bg6 6. h4 h6 7. Nf3 Nd7 8. h5 Bh7 9. Bd3 Bxd3 10. Qxd3 e6 11. Bd2 Ngf6 12. O-O-O Be7 13. Kb1 O-O 14. Ne4 Nxe4 15. Qxe4 Nf6 16. Qe2 Qd5 17. Ne5 Qe4 18. Qxe4 Nxe4 19. Be1 Rfd8 20. f3 Nf6 21. Bh4 Rd5 22. c4 Rd6 23. Rd3 Rad8 24. Rhd1 Kf8 25. g4 Nd7 26. Bxe7+ Kxe7 27. Kc2 b6 28. b4 Ke8 29. R3d2 f6 30. c5 Nxe5 31. cxd6 Nxf3 32. Rd3 Ng5 33. Ra3 Ra8 34. Rc3 Kd7 35. b5 Rc8 36. Kd3 Nf7 37. Ra3 a5 38. bxa6 Nxd6 39. Rb3 Kc7 40. Rdb1 b5 41. a4 Kb6 42. axb5 Nxb5 43. Ra3 Ka7 44. Ra4 Rd8 45. Rc1 Rd6 46. Ke3 Kb6 47. Rb1 Ka7 48. Rc1 Kb6 49. Rb1 Ka7 50. Rc1 1/2-1/2

[Event "XIX Najdorf Memorial 2019"]
[Site "Warsaw"]
[Date "2019.07.11"]
[Round "6.16"]
[White "Akesson, Ralf"]
[Black "Czopor, Maciej"]
[Result "1/2-1/2"]
[ECO "A05"]
[WhiteElo "2365"]
[BlackElo "2250"]
[Annotator "NA"]
[PlyCount "78"]
[EventDate "2019.07.06"]
[EventType "swiss"]
[EventCountry "POL"]
[SourceTitle "playchess.com"]
[Source "ChessBase"]
[SourceQuality "1"]
[TimeControl "40/5400+30:1800+30"]

1. Nf3 Nf6 2. c4 b6 3. d4 Bb7 4. g3 c5 5. d5 b5 6. Bg2 d6 7. O-O bxc4 8. Nc3 g6 9. Nd2 Bg7 10. Nxc4 O-O 11. Re1 Nbd7 12. e4 Ba6 13. Bf1 Bxc4 14. Bxc4 Rb8 15. Qc2 Qc7 16. Bd2 Ne5 17. Be2 c4 18. Rab1 Rfc8 19. Kg2 Qb6 20. h3 Qa6 21. Red1 Nd3 22. Be3 Nd7 23. a3 N7c5 24. f3 Qa5 25. Bxc5 Rxc5 26. Bxd3 cxd3 27. Rxd3 Bxc3 28. bxc3 Rxb1 29. Qxb1 Qxa3 30. e5 Rxc3 31. Rxc3 Qxc3 32. exd6 Qd2+ 33. Kh1 exd6 34. Qb8+ Kg7 35. Qxd6 Qe1+ 36. Kg2 Qe2+ 37. Kg1 Qe1+ 38. Kg2 Qe2+ 39. Kg1 Qe1+ 1/2-1/2

[Event "XIX Najdorf Memorial 2019"]
[Site "Warsaw"]
[Date "2019.07.11"]
[Round "6.17"]
[White "Jaskolka, Tomasz"]
[Black "Malek, Daniel"]
[Result "1-0"]
[ECO "A45"]
[WhiteElo "2236"]
[BlackElo "2362"]
[Annotator "NA"]
[PlyCount "55"]
[EventDate "2019.07.06"]
[EventType "swiss"]
[EventCountry "POL"]
[SourceTitle "playchess.com"]
[Source "ChessBase"]
[SourceQuality "1"]
[TimeControl "40/5400+30:1800+30"]

1. d4 Nf6 2. Bf4 c5 3. e3 Qb6 4. Nc3 a6 5. dxc5 Qxc5 6. Qd4 Qa5 7. b4 Qd8 8. b5 d6 9. Bg5 e6 10. bxa6 bxa6 11. Bxf6 Qxf6 12. Ne4 Qxd4 13. exd4 Be7 14. Rb1 Nc6 15. Nf3 d5 16. Ned2 Bb4 17. Rb3 a5 18. c3 Be7 19. Rb6 Bd7 20. Bb5 Nb8 21. Ne5 Bxb5 22. Rxb5 f6 23. Nd3 Kf7 24. Ke2 Nc6 25. Rb6 Rhc8 26. a4 Rab8 27. Rhb1 Bd8 28. Rxc6 1-0

[Event "XIX Najdorf Memorial 2019"]
[Site "Warsaw"]
[Date "2019.07.11"]
[Round "6.18"]
[White "Krstulovic, Alex"]
[Black "Sowul, Bartosz"]
[Result "1-0"]
[ECO "A58"]
[WhiteElo "2360"]
[BlackElo "2210"]
[Annotator "NA"]
[PlyCount "65"]
[EventDate "2019.07.06"]
[EventType "swiss"]
[EventCountry "POL"]
[SourceTitle "playchess.com"]
[Source "ChessBase"]
[SourceQuality "1"]
[TimeControl "40/5400+30:1800+30"]

1. d4 Nf6 2. c4 c5 3. d5 b5 4. cxb5 a6 5. bxa6 g6 6. Nc3 Bg7 7. e4 $14 O-O 8. e5 Ne8 9. h4 Bxe5 10. Bh6 Ng7 11. Nf3 Bf6 12. h5 d6 13. Qd2 Qb6 14. Ng5 Nxa6 15. Rc1 Bf5 16. hxg6 fxg6 17. f3 Nb4 18. a3 Nc2+ 19. Rxc2 Bxc2 20. Qxc2 Rfb8 21. Bxg7 Bxg5 22. Ne4 c4 23. Nxg5 Qe3+ 24. Qe2 Qxg5 25. Bc3 h5 26. Kf2 Rf8 27. Qe6+ Kh7 28. Bxc4 Rf4 29. Rxh5+ Qxh5 30. Qxe7+ Kh6 31. Bg7+ Kh7 32. Bf6+ Kg8 33. Qg7# 1-0

[Event "XIX Najdorf Memorial 2019"]
[Site "Warsaw"]
[Date "2019.07.11"]
[Round "6.19"]
[White "Deszczynski, Adam"]
[Black "Kopylov, Daniel"]
[Result "0-1"]
[ECO "B67"]
[WhiteElo "2304"]
[BlackElo "2209"]
[Annotator "NA"]
[PlyCount "100"]
[EventDate "2019.07.06"]
[EventType "swiss"]
[EventCountry "POL"]
[SourceTitle "playchess.com"]
[Source "ChessBase"]
[SourceQuality "1"]
[TimeControl "40/5400+30:1800+30"]

1. e4 c5 2. Nf3 d6 3. d4 cxd4 4. Nxd4 Nf6 5. Nc3 Nc6 6. Bg5 e6 7. Qd2 a6 8. O-O-O Bd7 9. f3 Be7 10. Kb1 Qc7 11. h4 h6 12. Be3 h5 13. Bg5 Nxd4 14. Qxd4 b5 15. Qd2 b4 16. Ne2 a5 17. Nd4 Rb8 18. Bd3 a4 19. Rhe1 e5 20. Ne2 Be6 21. Ng3 a3 22. b3 g6 23. Nf1 Nd7 24. Bxe7 Kxe7 25. Ne3 Qc5 26. Bc4 Rhd8 27. Bxe6 fxe6 28. Nc4 Nf6 29. Qe3 Rbc8 30. Qxc5 Rxc5 31. Rd2 Ne8 32. Red1 Rdc8 33. Rd3 R8c6 34. R1d2 Ra6 35. Kc1 Rcc6 36. Kd1 Nc7 37. c3 bxc3 38. Rc2 Nb5 39. Ne3 Ra8 40. Kc1 Nd4 41. Rcxc3 Ne2+ 42. Kd2 Nxc3 43. Rxc3 Rxc3 44. Kxc3 Rc8+ 45. Kb4 Rc1 46. Kxa3 Re1 47. Nc4 Re2 48. b4 Rxg2 49. b5 Kd7 50. Kb3 g5 0-1

[Event "XIX Najdorf Memorial 2019"]
[Site "Warsaw"]
[Date "2019.07.11"]
[Round "6.20"]
[White "Malovanyi, Yulian"]
[Black "Marczuk, Dominik"]
[Result "0-1"]
[ECO "B12"]
[WhiteElo "2204"]
[BlackElo "2300"]
[Annotator "RC"]
[PlyCount "138"]
[EventDate "2019.07.06"]
[EventType "swiss"]
[EventCountry "POL"]
[TimeControl "40/5400+30:1800+30"]

1. e4 c6 2. d4 d5 3. e5 c5 4. dxc5 Nc6 5. Nf3 Bg4 6. Bb5 Qa5+ 7. Nc3 e6 8. a3 Bxc5 9. O-O Qc7 10. Re1 a6 11. Bxc6+ Qxc6 12. Be3 Bxe3 13. Rxe3 Ne7 14. Ne2 Bxf3 15. Rxf3 Qc7 16. Rb3 Qxe5 17. Rxb7 Nf5 18. c4 O-O 19. cxd5 exd5 20. Ng3 Nd6 21. Rb4 Rfd8 22. Qd4 Qxd4 23. Rxd4 Nc4 24. b3 Na5 25. Rad1 Nxb3 26. Rxd5 Rxd5 27. Rxd5 g6 28. f3 Rc8 29. Rd3 Nc1 30. Rd5 Nb3 31. Rd3 Rc1+ 32. Nf1 Nc5 33. Rd5 Kg7 34. Kf2 Kf6 35. Ne3 Ke6 36. Rd4 Rc3 37. Nc4 Ke7 38. Nb6 Rxa3 39. Nc8+ Kf6 40. Rd6+ Ke5 41. Rc6 Nd3+ 42. Kg3 a5 43. Rc7 Ke6 44. Nb6 Ra2 45. Rc6+ Ke5 46. Rc7 Kf6 47. Rc6+ Kg7 48. Nd5 a4 49. Rc3 Ne1 50. Ne3 Rb2 51. Ra3 Rb3 52. Rxb3 axb3 53. Nc4 Nd3 54. f4 b2 55. Nd2 Kf6 56. Kf3 Ne1+ 57. Kf2 Nc2 58. Nb1 Kf5 59. g3 Ke4 60. Ke2 Nd4+ 61. Kd2 Nf3+ 62. Kc3 Nxh2 63. Kxb2 Kf3 64. Nc3 Kxg3 65. Nd5 h5 66. Kc2 h4 67. Kd2 h3 68. Ke2 Ng4 69. f5 h2 0-1

[Event "XIX Najdorf Memorial 2019"]
[Site "Warsaw"]
[Date "2019.07.11"]
[Round "6.22"]
[White "Wisniewski, Michal"]
[Black "Bednarek, Sylwester"]
[Result "0-1"]
[ECO "A04"]
[WhiteElo "2103"]
[BlackElo "2291"]
[Annotator "NA"]
[PlyCount "106"]
[EventDate "2019.07.06"]
[EventType "swiss"]
[EventCountry "POL"]
[SourceTitle "playchess.com"]
[Source "ChessBase"]
[SourceQuality "1"]
[TimeControl "40/5400+30:1800+30"]

1. Nf3 f5 2. d3 Nf6 3. e4 d6 4. exf5 Bxf5 5. d4 Nc6 6. Bb5 a6 7. Ba4 b5 8. Bb3 Na5 9. c3 Nxb3 10. Qxb3 Qd7 11. O-O Bd3 12. Re1 Qf5 13. Nbd2 Bc2 14. Qa3 g5 15. c4 g4 16. Nh4 Qd3 17. Qxd3 Bxd3 18. cxb5 axb5 19. Re3 Bg6 20. Nxg6 hxg6 21. Ne4 Kd7 22. Nxf6+ exf6 23. d5 Rh5 24. Rd3 Bg7 25. h3 Rah8 26. Kh2 gxh3 27. gxh3 Rf5 28. Kg2 Rhh5 29. Rg3 g5 30. Rd3 Rh4 31. Be3 g4 32. hxg4 Rxg4+ 33. Kf1 Rh5 34. Ke2 f5 35. Rad1 Ra4 36. Rb3 Rxa2 37. Bd4 Bxd4 38. Rxd4 Ra5 39. Rg3 Kc8 40. Rg7 Ra4 41. Rd2 Rh3 42. Rf7 Re4+ 43. Kd1 Rf3 44. b3 Rxb3 45. Rxf5 Rc3 46. Rf7 b4 47. f4 b3 48. f5 Rb4 49. Rb2 Rd4+ 50. Ke1 Rc1+ 51. Ke2 Rc2+ 52. Ke3 Rxb2 53. Kxd4 Rd2+ 0-1

[Event "XIX Najdorf Memorial 2019"]
[Site "Warsaw"]
[Date "2019.07.11"]
[Round "6.23"]
[White "Bebel, Arkadiusz"]
[Black "Martynyuk, Elizaveta"]
[Result "1-0"]
[ECO "B22"]
[WhiteElo "2290"]
[BlackElo "2125"]
[Annotator "NA"]
[PlyCount "123"]
[EventDate "2019.07.06"]
[EventType "swiss"]
[EventCountry "POL"]
[SourceTitle "playchess.com"]
[Source "ChessBase"]
[SourceQuality "1"]
[TimeControl "40/5400+30:1800+30"]

1. e4 c5 2. c3 Nf6 3. e5 Nd5 4. Nf3 Nc6 5. Bc4 Nb6 6. Bb3 c4 7. Bc2 d6 8. exd6 e5 9. O-O Be6 10. Qe2 Bxd6 11. b3 cxb3 12. axb3 O-O 13. d4 Bg4 14. d5 Nxd5 15. Rd1 Nxc3 16. Nxc3 Nd4 17. Rxd4 exd4 18. Qd3 g6 19. Ne4 Bf5 20. Bg5 Qb6 21. Qd2 Bb4 22. Qxd4 Qxd4 23. Nxd4 Bxe4 24. Bxe4 Rfe8 25. Bxb7 Rab8 26. Ba6 Rb6 27. Bf1 Bc3 28. Ra4 a5 29. Be3 Rb4 30. Rxb4 axb4 31. g3 Rd8 32. Nf3 Kg7 33. Bc4 h6 34. Kf1 g5 35. g4 f6 36. Ke2 Kg6 37. Bd3+ Kg7 38. h4 Ra8 39. Bc4 Ra2+ 40. Kd3 gxh4 41. Nxh4 Be1 42. Nf5+ Kg6 43. f3 Rh2 44. Bb5 Kh7 45. Be8 Bc3 46. Bf7 Be5 47. Bd2 Rh3 48. Bd5 h5 49. gxh5 Rxh5 50. Be4 Kg8 51. Bxb4 Kf7 52. Bc5 Kg8 53. b4 Kf7 54. Kc4 Rh1 55. Kd5 Rd1+ 56. Kc6 Ke6 57. b5 Rd8 58. b6 Rc8+ 59. Kb5 Kd7 60. Ne3 Rh8 61. Bf5+ Kd8 62. Kc6 1-0

[Event "XIX Najdorf Memorial 2019"]
[Site "Warsaw"]
[Date "2019.07.11"]
[Round "6.24"]
[White "Szustakowski, Antoni"]
[Black "Harazinska, Magdalena"]
[Result "1/2-1/2"]
[ECO "D22"]
[WhiteElo "2279"]
[BlackElo "2004"]
[Annotator "NA"]
[PlyCount "57"]
[EventDate "2019.07.06"]
[EventType "swiss"]
[EventCountry "POL"]
[SourceTitle "playchess.com"]
[Source "ChessBase"]
[SourceQuality "1"]
[TimeControl "40/5400+30:1800+30"]

1. d4 d5 2. c4 dxc4 3. Nf3 a6 4. e3 b5 5. a4 Bb7 6. b3 e6 7. bxc4 bxc4 8. Bxc4 c5 9. O-O Nf6 10. Nbd2 cxd4 11. Nxd4 Be7 12. Bb2 Nbd7 13. Qe2 Nc5 14. Rfd1 Qc7 15. N2b3 O-O 16. Nxc5 Qxc5 17. Ba3 Qc7 18. Bxe7 Qxe7 19. f3 Rfd8 20. Rab1 Nd5 21. Bxd5 Rxd5 22. Rb6 Rd7 23. Rdb1 Rc8 24. Qb2 Rcc7 25. Rc1 h6 26. Rxc7 Rxc7 27. Kf1 Bd5 28. Qb1 g6 29. Rb8+ 1/2-1/2

[Event "XIX Najdorf Memorial 2019"]
[Site "Warsaw"]
[Date "2019.07.11"]
[Round "6.25"]
[White "Malynovskyi, Rostyslav"]
[Black "Jacobsen, Mikkel Manosri"]
[Result "1-0"]
[ECO "D31"]
[WhiteElo "2156"]
[BlackElo "2343"]
[Annotator "NA"]
[PlyCount "95"]
[EventDate "2019.07.06"]
[EventType "swiss"]
[EventCountry "POL"]
[SourceTitle "playchess.com"]
[Source "ChessBase"]
[SourceQuality "1"]
[TimeControl "40/5400+30:1800+30"]

1. d4 d5 2. c4 e6 3. Nc3 c6 4. e4 dxe4 5. Nxe4 Nd7 6. Nf3 Ngf6 7. Nxf6+ Nxf6 8. Be2 Be7 9. O-O O-O 10. Bf4 b6 11. Ne5 Bb7 12. Bf3 Qc8 13. Qa4 Bd6 14. Bxc6 Nh5 15. Bxb7 Qxb7 16. Be3 Bxe5 17. dxe5 Qe4 18. Qb5 Rfb8 19. Rfe1 a6 20. Qb3 b5 21. Ba7 Qg4 22. Bxb8 Rxb8 23. h3 Qxc4 24. Qxc4 bxc4 25. Rac1 Rxb2 26. Rxc4 g5 27. Ra4 Nf4 28. Rxa6 Nd3 29. Rf1 Nxe5 30. a4 Ra2 31. Ra8+ Kg7 32. Rc1 Nd3 33. Rc7 Kg6 34. a5 Ra1+ 35. Kh2 Nxf2 36. a6 f5 37. a7 f4 38. g4 Ra2 39. Rg8+ Kf6 40. a8=Q Nxg4+ 41. Kg1 Rxa8 42. Rxa8 Ne3 43. Rxh7 Kf5 44. Re8 e5 45. Rhe7 Nc4 46. Rc8 Nd2 47. Rc5 Kf6 48. Rd7 1-0

[Event "XIX Najdorf Memorial 2019"]
[Site "Warsaw"]
[Date "2019.07.11"]
[Round "6.26"]
[White "Czerw, Dawid"]
[Black "Jarocka, Liwia"]
[Result "1/2-1/2"]
[ECO "E44"]
[WhiteElo "2326"]
[BlackElo "2102"]
[Annotator "NA"]
[PlyCount "98"]
[EventDate "2019.07.06"]
[EventType "swiss"]
[EventCountry "POL"]
[SourceTitle "playchess.com"]
[Source "ChessBase"]
[SourceQuality "1"]
[TimeControl "40/5400+30:1800+30"]

1. d4 Nf6 2. c4 e6 3. Nc3 Bb4 4. e3 b6 5. Nge2 Bb7 6. a3 Be7 7. d5 O-O 8. g3 d6 9. Bg2 e5 10. O-O a5 11. e4 Na6 12. Rb1 Bc8 13. b4 Ne8 14. f4 Bf6 15. Be3 Bg4 16. Qd2 g6 17. f5 Bxe2 18. Nxe2 Nb8 19. fxg6 fxg6 20. c5 axb4 21. axb4 bxc5 22. bxc5 dxc5 23. Bxc5 Nd6 24. h4 Nd7 25. Bb4 Be7 26. Qc2 Nf6 27. Rfc1 Ra7 28. Bc5 Ra8 29. Re1 Qd7 30. Nc1 Qg4 31. Bf2 Nh5 32. Qe2 Qd7 33. Nd3 Qe8 34. Nc5 Ra3 35. Rb3 Rxb3 36. Nxb3 Nb7 37. Qa6 Nd8 38. Qc4 Bd6 39. Rf1 Qd7 40. Qe2 Qe7 41. Bh3 Kh8 42. Rc1 Qf7 43. Kg2 Nf6 44. Nd2 Qe7 45. Be3 Nf7 46. Qd3 Nh5 47. Qe2 Nf6 48. Rf1 Kg7 49. Rc1 Kh8 1/2-1/2

[Event "XIX Najdorf Memorial 2019"]
[Site "Warsaw"]
[Date "2019.07.11"]
[Round "6.27"]
[White "Shkliar, Boris"]
[Black "Kucza, Karol"]
[Result "0-1"]
[ECO "B01"]
[WhiteElo "2160"]
[BlackElo "2315"]
[Annotator "NA"]
[PlyCount "118"]
[EventDate "2019.07.06"]
[EventType "swiss"]
[EventCountry "POL"]
[SourceTitle "playchess.com"]
[Source "ChessBase"]
[SourceQuality "1"]
[TimeControl "40/5400+30:1800+30"]

1. e4 d5 2. exd5 Nf6 3. Nf3 Nxd5 4. d4 g6 5. c4 Nb6 6. Nc3 Bg7 7. Be3 O-O 8. Be2 Nc6 9. d5 Ne5 10. Bd4 Nxf3+ 11. Bxf3 e5 12. Bc5 Re8 13. Qb3 e4 14. Be2 Qg5 15. Be3 Qxg2 16. O-O-O Qh3 17. Nb5 Be5 18. c5 a6 19. cxb6 axb5 20. bxc7 Bxc7 21. Bxb5 Bd7 22. d6 Bd8 23. Bc4 Qf5 24. Rd5 Qf3 25. Rhd1 b6 26. Kb1 Ba4 27. Qxa4 Rxa4 28. Bb5 Ra5 29. Bxe8 Rxd5 30. Rxd5 f5 31. Ba4 f4 32. Bd1 Qh1 33. Bxf4 Kg7 34. Rd2 g5 35. Be5+ Kg6 36. Kc2 h5 37. Kc3 Qe1 38. Bc2 b5 39. a3 Ba5+ 40. b4 Bb6 41. Bxe4+ Qxe4 42. Bd4 Qc6+ 43. Bc5 Bxc5 44. bxc5 Qxc5+ 45. Kb3 Qc4+ 46. Kb2 b4 47. axb4 Qxb4+ 48. Kc1 Qc4+ 49. Kb2 Qb5+ 50. Kc3 Qd7 51. Kc4 Kf7 52. Kc5 Ke8 53. Re2+ Kd8 54. Re5 Qg4 55. Kd5 h4 56. Kc6 Qf3+ 57. Rd5 g4 58. d7 Qxf2 59. Rg5 Qf6+ 0-1

[Event "XIX Najdorf Memorial 2019"]
[Site "Warsaw"]
[Date "2019.07.11"]
[Round "6.28"]
[White "Hassan, Abdullah"]
[Black "Liberadzki, Slawomir"]
[Result "1-0"]
[ECO "D37"]
[WhiteElo "2311"]
[BlackElo "2035"]
[Annotator "NA"]
[PlyCount "83"]
[EventDate "2019.07.06"]
[EventType "swiss"]
[EventCountry "POL"]
[SourceTitle "playchess.com"]
[Source "ChessBase"]
[SourceQuality "1"]
[TimeControl "40/5400+30:1800+30"]

1. d4 d5 2. Nf3 Nf6 3. c4 e6 4. Nc3 Be7 5. Bf4 O-O 6. e3 b6 7. Qc2 Bb7 8. Bd3 c5 9. cxd5 exd5 10. g4 Nc6 11. a3 cxd4 12. exd4 Re8 13. O-O-O Bd6 14. Bg5 h6 15. Bh4 Rc8 16. Bf5 Bf4+ 17. Kb1 Rc7 18. g5 hxg5 19. Nxg5 Ne4 20. Bh7+ Kf8 21. Ne6+ Rxe6 22. Bxd8 Nxc3+ 23. Qxc3 Nxd8 24. Qb4+ Bd6 25. Qd2 g6 26. Qh6+ Ke8 27. Rhe1 Bf8 28. Qf4 Rce7 29. Rxe6 Rxe6 30. h4 Bd6 31. Qd2 Ba6 32. Re1 Bf4 33. Rxe6+ Nxe6 34. Qd1 Kf8 35. h5 Kg7 36. hxg6 fxg6 37. Qf3 Bc8 38. Bxg6 Kxg6 39. Qxd5 Kf7 40. Qf5+ Ke7 41. d5 Nd4 42. Qxc8 1-0

[Event "XIX Najdorf Memorial 2019"]
[Site "Warsaw"]
[Date "2019.07.11"]
[Round "6.29"]
[White "Milikow, Elie"]
[Black "Antolak, Julia"]
[Result "0-1"]
[ECO "B81"]
[WhiteElo "2129"]
[BlackElo "2258"]
[Annotator "NA"]
[PlyCount "62"]
[EventDate "2019.07.06"]
[EventType "swiss"]
[EventCountry "POL"]
[SourceTitle "playchess.com"]
[Source "ChessBase"]
[SourceQuality "1"]
[TimeControl "40/5400+30:1800+30"]

1. e4 c5 2. Nf3 e6 3. d4 cxd4 4. Nxd4 Nf6 5. Nc3 d6 6. g4 h6 7. h4 Nc6 8. Rg1 d5 9. exd5 Nxd5 10. Nxd5 exd5 11. h5 Be7 12. Be3 O-O 13. c3 Re8 14. Be2 Bg5 15. Bxg5 Qxg5 16. Nc2 Bxg4 17. Ne3 Bxe2 18. Kxe2 Qxh5+ 19. Kd2 Qe5 20. Qg4 Re6 21. Rae1 Rg6 22. Qf3 d4 23. Nf5 dxc3+ 24. Kc1 cxb2+ 25. Kb1 Nd4 26. Nxd4 Rxg1 27. Rxg1 Qxd4 28. Qxb7 Rd8 29. Qxb2 Qxb2+ 30. Kxb2 Rd2+ 31. Kb3 Rxf2 0-1

[Event "XIX Najdorf Memorial 2019"]
[Site "Warsaw"]
[Date "2019.07.11"]
[Round "6.30"]
[White "Rakshitta Ravi"]
[Black "Kokoszczynski, Jan"]
[Result "1-0"]
[ECO "C09"]
[WhiteElo "2112"]
[BlackElo "2238"]
[Annotator "ChessBase"]
[PlyCount "151"]
[EventDate "2019.07.06"]
[EventType "swiss"]
[EventCountry "POL"]
[SourceTitle "playchess.com"]
[Source "ChessBase"]
[SourceQuality "1"]
[TimeControl "40/5400+30:1800+30"]

1. e4 e6 2. d4 d5 3. Nd2 c5 4. exd5 exd5 5. Ngf3 Nc6 6. Bb5 Qe7+ 7. Be2 Qc7 8. O-O Nf6 9. Re1 Be6 10. dxc5 Bxc5 11. Nb3 Bb6 12. c3 O-O 13. Nfd4 Rae8 14. Be3 a6 15. f3 Bc8 16. Bf2 Ne5 17. Qc2 Ba7 18. Kh1 Bb8 19. Bg1 Nh5 20. Bf1 Nc4 21. g3 Qd6 22. Bf2 Qh6 23. Kg1 Qg5 24. Nc5 b6 25. Nd3 Bc7 26. b3 Nd6 27. Qc1 Qxc1 28. Raxc1 Nf6 29. Ne5 Bb7 30. Nec6 Rxe1 31. Rxe1 Re8 32. Rd1 g6 33. Nb4 a5 34. Nbc2 Rc8 35. Na3 Bd8 36. Nab5 Nxb5 37. Nxb5 Rb8 38. Bd4 Be7 39. Re1 Bc5 40. Kg2 Re8 41. Rd1 Bxd4 42. Rxd4 Re1 43. Nd6 Bc6 44. Nc8 Nd7 45. Kf2 Re6 46. c4 dxc4 47. Bxc4 Re8 48. Na7 Ne5 49. Nxc6 Nxc6 50. Rd6 Ne5 51. Rxb6 Nxc4 52. bxc4 Rc8 53. Rb5 Rxc4 54. Rxa5 Rc2+ 55. Kg1 h5 56. h4 Kg7 57. Ra7 Kf6 58. a4 Ra2 59. a5 Ke5 60. a6 Kd4 61. Rxf7 Rxa6 62. Kg2 Ke5 63. Kh3 Ra3 64. g4 Ra4 65. g5 Ra6 66. Kg3 Rb6 67. f4+ Ke4 68. Re7+ Kd4 69. f5 Kd5 70. fxg6 Kd6 71. g7 Rb8 72. Rf7 Rg8 73. Kf4 Ke6 74. g6 Ra8 75. Rf8 Ra4+ {[%emt 0:00:03] Ke4 Kd5+} 76. Kg5 1-0

[Event "XIX Najdorf Memorial 2019"]
[Site "Warsaw"]
[Date "2019.07.11"]
[Round "6.31"]
[White "Golecki, Jan"]
[Black "Sliwicki, Damian"]
[Result "0-1"]
[ECO "B41"]
[WhiteElo "1947"]
[BlackElo "2232"]
[Annotator "NA"]
[PlyCount "120"]
[EventDate "2019.07.06"]
[EventType "swiss"]
[EventCountry "POL"]
[SourceTitle "playchess.com"]
[Source "ChessBase"]
[SourceQuality "1"]
[TimeControl "40/5400+30:1800+30"]

1. e4 c5 2. Nf3 e6 3. d4 cxd4 4. Nxd4 a6 5. c4 Nf6 6. Nc3 Qc7 7. Qe2 Bd6 8. g3 Be5 9. Be3 Nc6 10. Rd1 Nxd4 11. Bxd4 Bxd4 12. Rxd4 e5 13. Rd2 O-O 14. Bg2 b5 15. Nd5 Nxd5 16. exd5 Qxc4 17. d6 Rb8 18. Bd5 Qxe2+ 19. Kxe2 Bb7 20. Rc1 Bxd5 21. Rxd5 f6 22. f4 exf4 23. gxf4 Kf7 24. Kf3 Rbc8 25. Re1 Rfe8 26. Rxe8 Rxe8 27. Rd3 Re6 28. f5 Re5 29. Kf4 a5 30. h4 g6 31. fxg6+ hxg6 32. Ra3 b4 33. Rd3 Ke6 34. a3 bxa3 35. bxa3 Rd5 36. Rg3 g5+ 37. hxg5 fxg5+ 38. Ke4 Re5+ 39. Kd4 Kxd6 40. Rb3 Rf5 41. Rb6+ Kc7 42. Rg6 d6 43. Rg8 Kc6 44. a4 Rf4+ 45. Ke3 Rg4 46. Kf3 Rxa4 47. Rxg5 d5 48. Ke3 Kc5 49. Kd3 Ra3+ 50. Kd2 Kc4 51. Rg4+ d4 52. Kc1 a4 53. Rg8 Rc3+ 54. Kd2 a3 55. Rb8 a2 56. Ra8 Rh3 57. Rc8+ Kb3 58. Rb8+ Ka3 59. Ra8+ Kb2 60. Rb8+ Rb3 0-1